| TOP OF THE 1ST |
|
Chicago Cubs batting - Pitching for Atlanta Braves : RHP Matt Sigurdson
|
|
Pitching: RHP Matt Sigurdson
|
|
|
Batting: RHB Yasuhide Kasahara
|
0-0: Ball 1-0: Swinging Strike 1-1: Ball 2-1: Called Strike 2-2: Ball 3-2: Foul Ball, location: 2F 3-2: SINGLE (Groundball, 13, EV 90.6 MPH) (infield hit)
|
|
Batting: RHB Josh Kalman
|
0-0: Ball 1-0: Fly out, F8 (Flyball, 8LM, EV 86.9 MPH)
|
|
Batting: SHB Terry Tuckfard
|
0-0: Called Strike 0-1: Swinging Strike 0-2: Grounds into double play, 6-4-3 (Groundball, 6, EV 103.1 MPH)
|
| Top of the 1st over - 0 runs, 1 hit, 0 errors, 0 left on base; Chicago 0 - Atlanta 0 |
| BOTTOM OF THE 1ST |
|
Atlanta Braves batting - Pitching for Chicago Cubs : RHP Randy Budgell
|
|
Pitching: RHP Randy Budgell
|
|
|
Batting: RHB Jeckel Hester
|
0-0: Called Strike 0-1: Fly out, F8 (Line Drive, 8LS, EV 103.1 MPH)
|
|
Batting: RHB Butch Kaiser
|
0-0: Ball 1-0: Reached on error, E5 (Groundball, 5, EV 100.0 MPH)
|
|
Batting: RHB Jordan Martin
|
0-0: Ball 1-0: Ball 2-0: Ball 3-0: Base on Balls Butch Kaiser to second
|
|
Batting: RHB Jim Zucco
|
0-0: Ball 1-0: Foul Ball, location: 2F 1-1: Foul Ball, location: 2F 1-2: Foul Ball, location: 2F 1-2: Strikes out swinging
|
|
Batting: LHB Erik Gretzky
|
0-0: Foul Ball, location: 2F 0-1: SINGLE (Groundball, 34D, EV 97.5 MPH) Butch Kaiser to third Jordan Martin to second Runner from 3rd tries for Home, throw by RF and OUT! 9-2
|
| Bottom of the 1st over - 0 runs, 1 hit, 1 error, 2 left on base; Chicago 0 - Atlanta 0 |
| TOP OF THE 2ND |
|
Chicago Cubs batting - Pitching for Atlanta Braves : RHP Matt Sigurdson
|
|
Batting: RHB Elijah Campbell
|
0-0: Ball 1-0: Ball 2-0: Foul Ball, location: 2F 2-1: SINGLE (Line Drive, 78S, EV 103.8 MPH)
|
|
Batting: RHB Will Leslie
|
0-0: Swinging Strike 0-1: TRIPLE (Line Drive, 78XD, EV 110.6 MPH) Elijah Campbell scores
|
|
Batting: SHB Tim Hone
|
0-0: Called Strike 0-1: Called Strike 0-2: Ball 1-2: Fly out, F8 (Flyball, 8RXD, EV 99.4 MPH) Runner from 3rd tags up, SCORES, no throw by CF
|
|
Batting: SHB Steve DiDomenico
|
0-0: Called Strike 0-1: Swinging Strike 0-2: Foul Ball, location: 2F 0-2: Ball 1-2: Foul Ball, location: 2F 1-2: Strikes out swinging
|
|
Batting: RHB Steve Bui
|
0-0: Foul Ball, location: 2F 0-1: Ball 1-1: Foul Ball, location: 2F 1-2: Ball 2-2: Strikes out swinging
|
| Top of the 2nd over - 2 runs, 2 hits, 0 errors, 0 left on base; Chicago 2 - Atlanta 0 |
| BOTTOM OF THE 2ND |
|
Atlanta Braves batting - Pitching for Chicago Cubs : RHP Randy Budgell
|
|
Batting: RHB Liangde Li
|
0-0: Ball 1-0: Called Strike 1-1: Ball 2-1: Ground out 4-3 (Groundball, 4, EV 111.2 MPH)
|
|
Batting: LHB Tsutomu Miyahara
|
0-0: SINGLE (Line Drive, 34D, EV 96.2 MPH)
|
|
Batting: LHB Oke Monti
|
0-0: Called Strike 0-1: Swinging Strike 0-2: Foul Ball, location: 2F 0-2: Foul Ball, location: 2F 0-2: Ball 1-2: Ball 2-2: Foul Ball, location: 2F 2-2: Strikes out looking
|
|
Batting: RHB Joe Young
|
0-0: SINGLE (Line Drive, 8LS, EV 91.9 MPH) Tsutomu Miyahara to second
|
|
Batting: RHB Jeckel Hester
|
0-0: Fielders Choice at 2nd, 6-4 (Groundball, 6, EV 88.1 MPH)
|
| Bottom of the 2nd over - 0 runs, 2 hits, 0 errors, 2 left on base; Chicago 2 - Atlanta 0 |
| TOP OF THE 3RD |
|
Chicago Cubs batting - Pitching for Atlanta Braves : RHP Matt Sigurdson
|
|
Batting: SHB Seung-ho Zhang
|
0-0: Ball 1-0: Ball 2-0: Foul Ball, location: 2F 2-1: Swinging Strike 2-2: Ball 3-2: Strikes out swinging
|
|
Batting: RHB Yasuhide Kasahara
|
0-0: Called Strike 0-1: Called Strike 0-2: Foul Ball, location: 2F 0-2: Ball 1-2: Foul Ball, location: 2F 1-2: Ball 2-2: Strikes out swinging
|
|
Batting: RHB Josh Kalman
|
0-0: Called Strike 0-1: Ground out 5-3 (Groundball, 56, EV 105.6 MPH)
|
| Top of the 3rd over - 0 runs, 0 hits, 0 errors, 0 left on base; Chicago 2 - Atlanta 0 |
| BOTTOM OF THE 3RD |
|
Atlanta Braves batting - Pitching for Chicago Cubs : RHP Randy Budgell
|
|
Batting: RHB Butch Kaiser
|
0-0: Called Strike 0-1: Ground out 6-3 (Groundball, 6, EV 85.6 MPH)
|
|
Batting: RHB Jordan Martin
|
0-0: Called Strike 0-1: Ground out 6-3 (Groundball, 6, EV 77.5 MPH)
|
|
Batting: RHB Jim Zucco
|
0-0: Called Strike 0-1: Ball 1-1: Swinging Strike 1-2: Strikes out swinging
|
| Bottom of the 3rd over - 0 runs, 0 hits, 0 errors, 0 left on base; Chicago 2 - Atlanta 0 |
| TOP OF THE 4TH |
|
Chicago Cubs batting - Pitching for Atlanta Braves : RHP Matt Sigurdson
|
|
Batting: SHB Terry Tuckfard
|
0-0: Called Strike 0-1: Swinging Strike 0-2: Ball 1-2: Strikes out swinging
|
|
Batting: RHB Elijah Campbell
|
0-0: Ball 1-0: Ball 2-0: DOUBLE (Groundball, 5L, EV 102.5 MPH)
|
|
Batting: RHB Will Leslie
|
0-0: Ball 1-0: Ball 2-0: Ball 3-0: Called Strike 3-1: Foul Ball, location: 2F 3-2: DOUBLE (Flyball, 8RXD, EV 106.2 MPH) Elijah Campbell scores
|
|
Batting: SHB Tim Hone
|
0-0: SINGLE (Groundball, 5L, EV 107.5 MPH) (infield hit) Will Leslie to third
|
|
Batting: SHB Steve DiDomenico
|
0-0: Called Strike 0-1: Swinging Strike 0-2: Foul Ball, location: 2F 0-2: Ball 1-2: DOUBLE (Groundball, 5L, EV 108.1 MPH) Will Leslie scores Tim Hone to third Runner from 3rd tries for Home, SAFE, no throw by LF
|
|
Pitching: RHP Gordon Cushing
|
|
|
Batting: RHB Steve Bui
|
0-0: Fly out, F8 (Flyball, 8RD, EV 89.4 MPH) Runner from 2nd tags up, SAFE at 3rd with throw by CF
|
|
Batting: SHB Seung-ho Zhang
|
0-0: Ball 1-0: DOUBLE (Line Drive, 78D, EV 105.0 MPH) Steve DiDomenico scores
|
|
Pinch Hitting: RHB Shintaro Katsumata
|
0-0: Ball 1-0: Foul Ball, location: 2F 1-1: Ball 2-1: Swinging Strike 2-2: DOUBLE (Line Drive, 89D, EV 103.1 MPH) Seung-ho Zhang scores
|
|
Pinch Hitting: LHB Barend van der Kamp
|
0-0: Ball 1-0: Ground out 4-3 (Groundball, 4, EV 105.6 MPH)
|
| Top of the 4th over - 5 runs, 6 hits, 0 errors, 1 left on base; Chicago 7 - Atlanta 0 |
| BOTTOM OF THE 4TH |
|
Atlanta Braves batting - Pitching for Chicago Cubs : RHP Randy Budgell
|
|
Now at 2B: Shintaro Katsumata
|
|
|
Now at SS: Elijah Campbell
|
|
|
Now in RF: Barend van der Kamp
|
|
|
Batting: LHB Erik Gretzky
|
0-0: Ball 1-0: Foul Ball, location: 2F 1-1: Called Strike 1-2: Ground out 6-3 (Groundball, 4M, EV 108.1 MPH)
|
|
Batting: RHB Liangde Li
|
0-0: Foul Ball, location: 2F 0-1: SINGLE (Line Drive, 4D, EV 98.1 MPH)
|
|
Batting: LHB Tsutomu Miyahara
|
0-0: Swinging Strike 0-1: Foul Ball, location: 2F 0-2: Strikes out looking
|
|
Batting: LHB Oke Monti
|
0-0: Ball Liangde Li steals 2nd base 1-0: Swinging Strike 1-1: Fly out, F7 (Flyball, 78S, EV 93.8 MPH)
|
| Bottom of the 4th over - 0 runs, 1 hit, 0 errors, 1 left on base; Chicago 7 - Atlanta 0 |
| TOP OF THE 5TH |
|
Chicago Cubs batting - Pitching for Atlanta Braves : RHP Gordon Cushing
|
|
Now at C: Cole Bittner
|
|
|
Batting: SHB Terry Tuckfard
|
0-0: Ball 1-0: Called Strike 1-1: Ground out 3-1 (Groundball, 34, EV 81.2 MPH)
|
|
Batting: RHB Elijah Campbell
|
0-0: Called Strike 0-1: Ground out U3 (Groundball, 13, EV 85.0 MPH)
|
|
Batting: RHB Will Leslie
|
0-0: Ball 1-0: Ball 2-0: Called Strike 2-1: Ball 3-1: Base on Balls
|
|
Batting: SHB Tim Hone
|
0-0: Ball 1-0: Called Strike Will Leslie steals 2nd base 1-1: Called Strike 1-2: Ball 2-2: Strikes out swinging
|
| Top of the 5th over - 0 runs, 0 hits, 0 errors, 1 left on base; Chicago 7 - Atlanta 0 |
| BOTTOM OF THE 5TH |
|
Atlanta Braves batting - Pitching for Chicago Cubs : RHP Randy Budgell
|
|
Now at 3B: Pat Barton
|
|
|
Now at SS: Andy Wasierski
|
|
|
Batting: RHB Joe Young
|
0-0: Called Strike 0-1: Ball 1-1: SINGLE (Groundball, 34D, EV 103.8 MPH)
|
|
Batting: RHB Jeckel Hester
|
0-0: Ball 1-0: Ball 2-0: Called Strike 2-1: Hit by Pitch Joe Young to second
|
|
Batting: RHB Butch Kaiser
|
0-0: Ball 1-0: Ball 2-0: Called Strike 2-1: Ball 3-1: Called Strike 3-2: Base on Balls Joe Young to third Jeckel Hester to second
|
|
Pinch Hitting: RHB Xavier Davis
|
0-0: Grounds into double play, 5-4-3 (Groundball, 56, EV 86.9 MPH) Joe Young scores Jeckel Hester to third
|
|
Batting: RHB Jim Zucco
|
0-0: Ball 1-0: Ball 2-0: Foul Ball, location: 2F 2-1: Foul Ball, location: 2F 2-2: Strikes out swinging
|
| Bottom of the 5th over - 1 run, 1 hit, 0 errors, 1 left on base; Chicago 7 - Atlanta 1 |
| TOP OF THE 6TH |
|
Chicago Cubs batting - Pitching for Atlanta Braves : RHP Gordon Cushing
|
|
Now at 1B: Xavier Davis
|
|
|
Now in LF: Colin Worthington
|
|
|
Now in CF: Tsutomu Miyahara
|
|
|
Now in RF: Chad Persaud
|
|
|
Batting: LHB Kevin Norton
|
0-0: Fly out, F6 (Popup, 6S, EV 86.2 MPH)
|
|
Pinch Hitting: RHB Efrain Vargas
|
0-0: Called Strike 0-1: Fly out, F7 (Line Drive, 78S, EV 88.1 MPH)
|
|
Pinch Hitting: RHB Kaeo Zirpoli
|
0-0: Ball 1-0: Ball 2-0: Foul Ball, location: 2F 2-1: DOUBLE (Line Drive, 78D, EV 104.4 MPH)
|
|
Pinch Runner at 2nd Francisco Ramirez:
|
|
|
Batting: RHB Shintaro Katsumata
|
0-0: Swinging Strike 0-1: TRIPLE (Line Drive, 89XD, EV 108.8 MPH) Francisco Ramirez scores
|
|
Batting: LHB Barend van der Kamp
|
0-0: Foul Ball, location: 2F 0-1: Ball 1-1: Foul Ball, location: 2F 1-2: Fly out, F7 (Line Drive, 78M, EV 89.4 MPH)
|
| Top of the 6th over - 1 run, 2 hits, 0 errors, 1 left on base; Chicago 8 - Atlanta 1 |
| BOTTOM OF THE 6TH |
|
Atlanta Braves batting - Pitching for Chicago Cubs : RHP Randy Budgell
|
|
Pitching: LHP Jay Turpin
|
|
|
Now at 1B: Efrain Vargas
|
|
|
Now in LF: Adam O'Hare
|
|
|
Now in CF: Jason Ostrom
|
|
|
Batting: LHB Colin Worthington
|
0-0: Ball 1-0: Swinging Strike 1-1: Ball 2-1: Ball 3-1: Base on Balls
|
|
Batting: LHB Chad Persaud
|
0-0: Called Strike 0-1: Ball 1-1: Ground out 4-3 (Groundball, 4MS, EV 69.4 MPH) Colin Worthington to second
|
|
Pinch Hitting: RHB Adriaan Pieters
|
0-0: SINGLE (Groundball, 5L, EV 106.2 MPH) (infield hit) Colin Worthington to third
|
|
Batting: RHB Cole Bittner
|
0-0: Foul Ball, location: 2F 0-1: Foul Ball, location: 2F 0-2: Foul Ball, location: 2F 0-2: Ball 1-2: Grounds into double play, 6-4-3 (Groundball, 6, EV 85.6 MPH)
|
| Bottom of the 6th over - 0 runs, 1 hit, 0 errors, 1 left on base; Chicago 8 - Atlanta 1 |
| TOP OF THE 7TH |
|
Chicago Cubs batting - Pitching for Atlanta Braves : RHP Gordon Cushing
|
|
Pitching: RHP Ruben Arana
|
|
|
Now in CF: Chad Persaud
|
|
|
Now in RF: Adriaan Pieters
|
|
|
Batting: SHB Terry Tuckfard
|
0-0: Ball 1-0: Ball 2-0: Ball 3-0: Called Strike 3-1: DOUBLE (Line Drive, 7LS, EV 103.1 MPH)
|
|
Batting: RHB Pat Barton
|
0-0: Ball 1-0: Foul Ball, location: 2F 1-1: Ball 2-1: Ball 3-1: Foul Ball, location: 2F 3-2: Ground out 3-1 (Groundball, 34, EV 82.5 MPH) Terry Tuckfard to third
|
|
Batting: RHB Andy Wasierski
|
0-0: Called Strike 0-1: Ball 1-1: Ball 2-1: Foul Ball, location: 2F 2-2: Foul Ball, location: 2F 2-2: Ball 3-2: Strikes out swinging
|
|
Batting: RHB Adam O'Hare
|
0-0: Called Strike 0-1: Called Strike 0-2: Ground out 6-3 (Groundball, 6MD, EV 103.1 MPH)
|
| Top of the 7th over - 0 runs, 1 hit, 0 errors, 1 left on base; Chicago 8 - Atlanta 1 |
| BOTTOM OF THE 7TH |
|
Atlanta Braves batting - Pitching for Chicago Cubs : LHP Jay Turpin
|
|
Pitching: RHP Yeong-kil Suck
|
|
|
Pinch Hitting: RHB Ramon Villarreal
|
0-0: Called Strike 0-1: Ball 1-1: Ball 2-1: Foul Ball, location: 2F 2-2: SINGLE (Groundball, 56S, EV 70.0 MPH) (infield hit)
|
|
Pinch Hitting: RHB Hisayuki Akiyama
|
0-0: Foul Ball, location: 2F 0-1: Ball 1-1: Foul Ball, location: 2F 1-2: Ball 2-2: Ball 3-2: Foul Ball, location: 2F 3-2: Foul Ball, location: 2F 3-2: Fly out, F8 (Flyball, 8LM, EV 91.9 MPH)
|
|
Batting: RHB Hieronim Rutkowski
|
0-0: Called Strike 0-1: Ball 1-1: Called Strike 1-2: Strikes out swinging
|
|
Batting: RHB Xavier Davis
|
0-0: Ball 1-0: Called Strike 1-1: Ball 2-1: Swinging Strike 2-2: Ground out 3-1 (Groundball, 34, EV 101.9 MPH)
|
| Bottom of the 7th over - 0 runs, 1 hit, 0 errors, 1 left on base; Chicago 8 - Atlanta 1 |
| TOP OF THE 8TH |
|
Chicago Cubs batting - Pitching for Atlanta Braves : RHP Ruben Arana
|
|
Pitching: LHP Jason Zaugg
|
|
|
Now at 2B: Hisayuki Akiyama
|
|
|
Now at 3B: Ramon Villarreal
|
|
|
Batting: LHB Kevin Norton
|
0-0: Ball 1-0: Ball 2-0: Swinging Strike 2-1: Ball 3-1: Base on Balls
|
|
Batting: RHB Efrain Vargas
|
0-0: Ball 1-0: Ball 2-0: Called Strike 2-1: Fly out, F8 (Flyball, 8RXD, EV 99.4 MPH)
|
|
Batting: RHB Jason Ostrom
|
0-0: Foul Ball, location: 2F 0-1: Ball 1-1: Ball 2-1: Grounds into double play, 4-6-3 (Groundball, 4, EV 87.5 MPH)
|
| Top of the 8th over - 0 runs, 0 hits, 0 errors, 0 left on base; Chicago 8 - Atlanta 1 |
| BOTTOM OF THE 8TH |
|
Atlanta Braves batting - Pitching for Chicago Cubs : RHP Yeong-kil Suck
|
|
Pitching: RHP Gabe Wagner
|
|
|
Batting: RHB Jim Zucco
|
0-0: Ball 1-0: Ball 2-0: Ball 3-0: Base on Balls
|
|
Batting: LHB Colin Worthington
|
0-0: Called Strike 0-1: Ball 1-1: Ball 2-1: Ball 3-1: Base on Balls Jim Zucco to second
|
|
Batting: LHB Chad Persaud
|
0-0: Fielders Choice at 2nd, 3-6 (Groundball, 3, EV 83.8 MPH) Jim Zucco to third
|
|
Batting: RHB Adriaan Pieters
|
0-0: Ball 1-0: Ball 2-0: Swinging Strike 2-1: Foul Ball, location: 2F 2-2: Ball 3-2: Strikes out swinging
|
|
Batting: RHB Cole Bittner
|
0-0: Fielders Choice at 2nd, 6-4 (Groundball, 6, EV 106.9 MPH)
|
| Bottom of the 8th over - 0 runs, 0 hits, 0 errors, 2 left on base; Chicago 8 - Atlanta 1 |
| TOP OF THE 9TH |
|
Chicago Cubs batting - Pitching for Atlanta Braves : LHP Jason Zaugg
|
|
Pinch Hitting: SHB Nick Chandler
|
0-0: Called Strike 0-1: Ball 1-1: Swinging Strike 1-2: Strikes out swinging wild pitch, reaches first!
|
|
Pinch Hitting: SHB Art Kent
|
0-0: Swinging Strike 0-1: Ball 1-1: Called Strike 1-2: Ball 2-2: Ball 3-2: Strikes out swinging
|
|
Batting: SHB Terry Tuckfard
|
0-0: Ball 1-0: Swinging Strike 1-1: SINGLE (Line Drive, 34D, EV 103.8 MPH) Nick Chandler to second
|
|
Batting: RHB Pat Barton
|
0-0: Ball 1-0: Foul Ball, location: 2F 1-1: Ball 2-1: Grounds into double play, 6-4-3 (Groundball, 6, EV 81.9 MPH)
|
| Top of the 9th over - 0 runs, 1 hit, 0 errors, 1 left on base; Chicago 8 - Atlanta 1 |
| BOTTOM OF THE 9TH |
|
Atlanta Braves batting - Pitching for Chicago Cubs : RHP Gabe Wagner
|
|
Now at 2B: Pat Barton
|
|
|
Now at 3B: Nick Chandler
|
|
|
Now in RF: Art Kent
|
|
|
Batting: RHB Ramon Villarreal
|
0-0: Ball 1-0: Called Strike 1-1: SINGLE (Groundball, 4MS, EV 68.1 MPH) (infield hit)
|
|
Batting: RHB Hisayuki Akiyama
|
0-0: Called Strike 0-1: Ball 1-1: Foul Ball, location: 2F 1-2: Ball 2-2: Foul Ball, location: 2F 2-2: 2-RUN HOME RUN (Flyball, 7D, EV 114.4 MPH), Distance : 421 ft
|
|
Batting: RHB Hieronim Rutkowski
|
0-0: Ball 1-0: Ball 2-0: Ball 3-0: Called Strike 3-1: Base on Balls
|
|
Pinch Hitting: RHB Ike Trout
|
0-0: Called Strike 0-1: Fielders Choice at 2nd, 5-4 (Groundball, 5, EV 101.9 MPH)
|
|
Pinch Hitting: RHB Tade Post
|
0-0: Ball 1-0: Ball 2-0: Called Strike 2-1: Swinging Strike 2-2: Ball 3-2: Base on Balls Ike Trout to second
|
|
Batting: LHB Colin Worthington
|
0-0: Grounds into double play, 3-6-1 (Groundball, 34S, EV 86.9 MPH)
|
| Bottom of the 9th over - 2 runs, 2 hits, 0 errors, 1 left on base; Chicago 8 - Atlanta 3 |
|